 Dungeon Crawl Stone Soup version 0.29-a0-40-g8eb35efe60 (webtiles) character file.

Game seed: 14989686785807147071

102 bromine the Covered (level 4, -7/34 HPs)
             Began as a Gnoll Wanderer on Feb 1, 2022.
             Was an Initiate of Nemelex Xobeh.
             Mangled by an ogre (28 damage)
             ... on level 5 of the Dungeon.
             The game lasted 00:21:09 (2754 turns).

bromine the Covered (Gnoll Wanderer)                Turns: 2754, Time: 00:21:10

Health: -7/34      AC:  7    Str: 11    XL:     4   Next: 78%
Magic:  8/8        EV: 10    Int: 10    God:    Nemelex Xobeh [......]
Gold:   95         SH:  5    Dex: 15    Spells: 9/9 levels left

rFire   . . .      SeeInvis .   a - +2 short sword
rCold   . . .      Faith    .   c - +0 buckler
rNeg    . . .      Spirit   .   k - +1 ring mail
rPois   .          Reflect  .   (no helmet)
rElec   .          Harm     .   (no cloak)
rCorr   .          Rampage  .   (no gloves)
Will    .....                   (no boots)
Stlth   +.........              (no amulet)
HPRegen 0.11/turn               (no ring)
MPRegen 0.11/turn               (no ring)

@: no status effects
A: fangs 1, strong nose, distributed training
a: Renounce Religion, Draw Escape, Draw Destruction, Draw Summoning


You were on level 5 of the Dungeon.
You worshipped Nemelex Xobeh.
Nemelex Xobeh was noncommittal.
You visited 1 branch of the dungeon, and saw 5 of its levels.

You collected 95 gold pieces.

Inventory:

Hand Weapons
 a - a +2 short sword (weapon)
 e - a +0 club
 g - a +1 vampiric dagger
Missiles
 i - 16 stones
 q - a throwing net (quivered)
Armour
 c - a +0 buckler (worn)
 d - a +0 robe
 j - a +0 robe
 k - a +1 ring mail (worn)
Scrolls
 f - 2 scrolls of summoning
 h - a scroll of torment
 l - a scroll of amnesia {unknown}
 r - a scroll of holy word {unknown}
Potions
 b - a potion of attraction
 m - a potion of experience {unknown}
 n - 2 potions of berserk rage {unknown}
 o - a potion of magic {unknown}
 p - a potion of resistance {unknown}


   Skills:
 + Level 2.8 Fighting
 + Level 4.7 Short Blades
 + Level 1.2 Long Blades
 + Level 1.2 Axes
 + Level 1.2 Maces & Flails
 + Level 1.2 Polearms
 + Level 1.2 Staves
 + Level 1.2 Slings
 + Level 1.2 Bows
 + Level 1.2 Crossbows
 + Level 2.8 Throwing
 + Level 4.7 Armour
 + Level 1.2 Dodging
 + Level 1.2 Stealth
 + Level 2.8 Shields
 + Level 2.8 Unarmed Combat
 + Level 3.0 Spellcasting
 + Level 1.0 Conjurations
 + Level 1.0 Hexes
 + Level 1.0 Summonings
 + Level 1.0 Necromancy
 + Level 1.0 Translocations
 + Level 1.0 Transmutations
 + Level 1.0 Fire Magic
 + Level 1.0 Ice Magic
 + Level 1.0 Air Magic
 + Level 1.0 Earth Magic
 + Level 1.0 Poison Magic
 + Level 1.3 Invocations
 + Level 2.8 Evocations


You had 9 spell levels left.
You didn't know any spells.
Your spell library contained the following spells:

 Spells                   Type           Power      Damage    Failure   Level
 Sting                    Tmut/Pois      12%        1d3       50%         1
 Poisonous Vapours        Pois/Air       6%         N/A       63%         2
 Olgreb's Toxic Radiance  Pois           3%         N/A       99%         4


Dungeon Overview and Level Annotations

Branches:
Dungeon (5/15)
 Temple: D:4-7

Altars:
Nemelex Xobeh
Xom


Innate Abilities, Weirdness & Mutations

You have very sharp teeth.
Your uncanny sense of smell can sniff out nearby items.
Your experience applies equally to all skills.


Message History

You hit the iguana.
You kill the iguana!
Your Conjurations skill increases to level 1!
Your Hexes skill increases to level 1!
Your Summonings skill increases to level 1!
Your Necromancy skill increases to level 1!
Your Translocations skill increases to level 1!
Your Transmutations skill increases to level 1!
Your Fire Magic skill increases to level 1!
Your Ice Magic skill increases to level 1!
Your Air Magic skill increases to level 1!
Your Earth Magic skill increases to level 1!
Your Poison Magic skill increases to level 1!
Found a stone staircase leading down.
There is a stone staircase leading up here.
You climb upwards.
The ogre shouts!
You hear a shout!
Found a dagger, 4 gold pieces and 20 stones.
Found a shimmering altar of Xom.
There is a stone staircase leading down here.
An adder skeleton comes into view.
A hobgoblin comes into view.
The hobgoblin shouts!
The ogre hits you with a +0 giant spiked club!
There is a stone staircase leading down here.
The ogre barely misses you.
You climb downwards.
There is a stone staircase leading up here.
The ogre closely misses you.
You hit the ogre.
The ogre is lightly wounded.
The ogre barely misses you.
You hit the ogre.
The ogre is lightly wounded.
You hit the ogre.
The ogre is moderately wounded.
The ogre hits you with a +0 giant spiked club!!
Ouch! That really hurt!
You die...
Your body disappears without a glow.

# ..## #. ....
#.#..##.......#
#. .... >......
#.##..##.......
#......#.......
#....#.#.......
#..#.........
#............
##..@<.......
#..O........
#..........#
#...........#
#.#..###.####
...#..# .#
#.####.# # #.
#.#


You could see an ogre.

Vanquished Creatures
  An iguana (D:5)
  3 adders
  2 worms (D:2)
  An orc (D:2)
  2 endoplasms
  2 giant cockroaches (D:1)
  3 goblins
  3 hobgoblins
  4 jackals (D:2)
  4 kobolds (D:2)
  5 quokkas
  3 ball pythons (D:2)
  2 bats
  2 frilled lizards
  8 rats
45 creatures vanquished.

Notes
Turn   | Place    | Note
-------+----------+-------------------------------------------
     0 | D:1      | bromine the Gnoll Wanderer began the quest for the Orb.
     0 | D:1      | bromine set off with the following items: a +2 short sword,
                  | a potion of attraction, a +0 buckler, a +0 robe
     0 | D:1      | Reached XP level 1. HP: 17/17 MP: 4/4
   526 | D:1      | Reached XP level 2. HP: 16/23 MP: 5/5
  1341 | D:2      | Reached XP level 3. HP: 12/28 MP: 7/7
  1868 | D:2      | Reached skill level 1 in Invocations
  1880 | D:2      | Reached skill level 1 in Long Blades
  1880 | D:2      | Reached skill level 1 in Axes
  1880 | D:2      | Reached skill level 1 in Maces & Flails
  1880 | D:2      | Reached skill level 1 in Polearms
  1880 | D:2      | Reached skill level 1 in Staves
  1880 | D:2      | Reached skill level 1 in Slings
  1880 | D:2      | Reached skill level 1 in Bows
  1880 | D:2      | Reached skill level 1 in Crossbows
  1880 | D:2      | Reached skill level 1 in Dodging
  1880 | D:2      | Reached skill level 1 in Stealth
  2129 | D:2      | Reached XP level 4. HP: 21/34 MP: 8/8
  2672 | D:3      | Found a sparkling altar of Nemelex Xobeh.
  2685 | D:3      | Became a worshipper of Nemelex Xobeh the Trickster
  2723 | D:3      | You fall into a shaft and drop 2 floors!
  2723 | D:5      | Entered Level 5 of the Dungeon
  2740 | D:5      | Reached skill level 1 in Conjurations
  2740 | D:5      | Reached skill level 1 in Hexes
  2740 | D:5      | Reached skill level 1 in Summonings
  2740 | D:5      | Reached skill level 1 in Necromancy
  2740 | D:5      | Reached skill level 1 in Translocations
  2740 | D:5      | Reached skill level 1 in Transmutations
  2740 | D:5      | Reached skill level 1 in Fire Magic
  2740 | D:5      | Reached skill level 1 in Ice Magic
  2740 | D:5      | Reached skill level 1 in Air Magic
  2740 | D:5      | Reached skill level 1 in Earth Magic
  2740 | D:5      | Reached skill level 1 in Poison Magic
  2744 | D:4      | Noticed an ogre
  2744 | D:4      | Found a shimmering altar of Xom.
  2754 | D:5      | Mangled by an ogre

Illustrated notes

Levels and vault maps discovered:
D:1:      kilobyte_arrival_exit_the_forest, layout_basic
D:2:      minmay_evil_eye, layout_rooms, hangedman_decor_growths
D:3:      layout_rooms, nicolae_overflow_crystal_walls
D:4:      layout_cave_pools, mainiacjoe_overflow_boulevard
D:5:      lemuel_ratsnest, layout_rooms, uniq_menkaure, uniq_blork_the_orc,
          uniq_edmund

Skill      XL: |  1  2  3  4 |
---------------+-------------+-----
Invocations    | 1 |  1.3
Long Blades    | 1 |  1.2
Axes           | 1 |  1.2
Maces & Flails | 1 |  1.2
Polearms       | 1 |  1.2
Staves         | 1 |  1.2
Slings         | 1 |  1.2
Bows           | 1 |  1.2
Crossbows      | 1 |  1.2
Dodging        | 1 |  1.2
Stealth        | 1 |  1.2
Spellcasting   | 3 |  3.0
Conjurations   | 1 |  1.0
Hexes          | 1 |  1.0
Summonings     | 1 |  1.0
Necromancy     | 1 |  1.0
Translocations | 1 |  1.0
Transmutations | 1 |  1.0
Fire Magic     | 1 |  1.0
Ice Magic      | 1 |  1.0
Air Magic      | 1 |  1.0
Earth Magic    | 1 |  1.0
Poison Magic   | 1 |  1.0
Fighting       | |  2.8
Short Blades   | |  4.7
Throwing       | |  2.8
Armour         | |  4.7
Shields        | |  2.8
Unarmed Combat | |  2.8
Evocations     | |  2.8

Action                   |  1- 3 |  4- 6 || total
-------------------------+-------+-------++-------
Melee: Short sword       |   119 |    46 ||   165
       Bite              |     8 |     2 ||    10
  Use: Scroll            |     5 |       ||     5
Armor: Robe              |     1 |       ||     1
       Ring mail         |    48 |    27 ||    75
Dodge: Dodged            |    76 |    32 ||   108
Block: Buckler           |    32 |    15 ||    47

Table legend: (Time is in decaauts)
 A = Elapsed time spent in this place.
 B = Non-inter-level travel time spent in this place.
 C = Inter-level travel time spent in this place.
 D = Time resting spent in this place.
 E = Time spent auto-exploring this place.
 F = Levels seen in this place.
 G = Mean time per level.
                   A        B        C        D        E       F      G
               +--------+--------+--------+--------+--------+-----+--------+
         Total |   2753 |   2445 |    308 |      0 |    575 |   5 |  550.6 |
       Dungeon |   2753 |   2445 |    308 |      0 |    575 |   5 |  550.6 |
               +--------+--------+--------+--------+--------+-----+--------+

Top non-repeatable levels by time:
     D:1: 1629 daAuts
     D:2: 1042 daAuts
     D:3: 50 daAuts
     D:5: 24 daAuts
     D:4: 5 daAuts
